TOP OF THE 1ST |
Mile High Broncos batting - Pitching for Albuquerque Isotopes : RHP Xavier Castañera
|
Pitching: RHP Xavier Castañera
|
|
Batting: LHB Ernesto López
|
0-0: Foul Ball, location: 2F 0-1: Swinging Strike 0-2: Ball 1-2: Foul Ball, location: 2F 1-2: Ball 2-2: Fly out, F6 (Popup, 6S)
|
Batting: RHB Evan Robinson
|
0-0: Called Strike 0-1: Ground out 5-3 (Groundball, 5)
|
Batting: LHB José Rivas
|
0-0: Called Strike 0-1: Foul Ball, location: 2F 0-2: Strikes out swinging
|
Top of the 1st over - 0 run(s), 0 hit(s), 0 error(s), 0 left on base; Mile High 0 - Albuquerque 0 |
BOTTOM OF THE 1ST |
Albuquerque Isotopes batting - Pitching for Mile High Broncos : RHP Denny Green
|
Pitching: RHP Denny Green
|
|
Batting: LHB Fernando Ortíz
|
0-0: Foul Ball, location: 2F 0-1: Ball 1-1: Fly out, F8 (Line Drive, 8RS)
|
Batting: SHB Edward Bartlett
|
0-0: Ball 1-0: Foul Ball, location: 2F 1-1: Ball 2-1: Ground out 4-3 (Groundball, 4)
|
Batting: LHB Bernardo Montés
|
0-0: Called Strike 0-1: Ground out 3-1 (Groundball, 34)
|
Bottom of the 1st over - 0 run(s), 0 hit(s), 0 error(s), 0 left on base; Mile High 0 - Albuquerque 0 |
TOP OF THE 2ND |
Mile High Broncos batting - Pitching for Albuquerque Isotopes : RHP Xavier Castañera
|
Batting: RHB José Darias
|
0-0: Ball 1-0: Swinging Strike 1-1: Ball 2-1: Ball 3-1: Swinging Strike 3-2: Strikes out swinging
|
Batting: LHB Mark Everett
|
0-0: Called Strike 0-1: Ball 1-1: Ground out 4-3 (Groundball, 4M)
|
Batting: RHB David Moran
|
0-0: Called Strike 0-1: Swinging Strike 0-2: Ball 1-2: Ball 2-2: Strikes out swinging
|
Top of the 2nd over - 0 run(s), 0 hit(s), 0 error(s), 0 left on base; Mile High 0 - Albuquerque 0 |
BOTTOM OF THE 2ND |
Albuquerque Isotopes batting - Pitching for Mile High Broncos : RHP Denny Green
|
Batting: RHB Will Lott
|
0-0: Swinging Strike 0-1: SOLO HOME RUN (Flyball, 7D), Distance : 361 ft
|
Batting: LHB José González
|
0-0: Fly out, F8 (Flyball, 8RD)
|
Batting: SHB Clint Woods
|
0-0: Ball 1-0: Swinging Strike 1-1: Reached on error, E5 (Groundball, 56)
|
Batting: LHB Héctor Soto
|
0-0: Called Strike 0-1: Ball 1-1: Called Strike 1-2: Foul Ball, location: 2F 1-2: Fly out, F6 (Popup, 6)
|
Batting: RHB Sam Wallace
|
0-0: Called Strike 0-1: Foul Ball, location: 2F 0-2: Fly out, F9 (Flyball, 9)
|
Bottom of the 2nd over - 1 run(s), 1 hit(s), 1 error(s), 1 left on base; Mile High 0 - Albuquerque 1 |
TOP OF THE 3RD |
Mile High Broncos batting - Pitching for Albuquerque Isotopes : RHP Xavier Castañera
|
Batting: RHB Rodney González
|
0-0: Called Strike 0-1: Ball 1-1: Called Strike 1-2: Strikes out swinging
|
Batting: SHB Tom Stevens
|
0-0: Swinging Strike 0-1: Ball 1-1: Ball 2-1: Ball 3-1: Foul Ball, location: 2F 3-2: Base on Balls
|
Batting: RHB John Brown
|
0-0: Called Strike 0-1: Ball 1-1: Ball 2-1: Ball 3-1: Base on Balls Tom Stevens to second
|
Batting: LHB Ernesto López
|
0-0: Ground out U3 (Groundball, 3S) Tom Stevens to third John Brown to second
|
Batting: RHB Evan Robinson
|
0-0: Called Strike 0-1: Called Strike 0-2: Ball 1-2: Foul Ball, location: 2F 1-2: Ball 2-2: Ball 3-2: Ground out 4-3 (Groundball, 4S)
|
Top of the 3rd over - 0 run(s), 0 hit(s), 0 error(s), 2 left on base; Mile High 0 - Albuquerque 1 |
BOTTOM OF THE 3RD |
Albuquerque Isotopes batting - Pitching for Mile High Broncos : RHP Denny Green
|
Batting: RHB Jesse McKnight
|
0-0: Fly out, F3 (Line Drive, 3S)
|
Batting: LHB Fernando Ortíz
|
0-0: Foul Ball, location: 2F 0-1: Ball 1-1: Swinging Strike 1-2: Ball 2-2: Ball 3-2: Base on Balls
|
Batting: SHB Edward Bartlett
|
0-0: Ball 1-0: Called Strike 1-1: Ball 2-1: Ball Fernando Ortíz steals 2nd base 3-1: Ground out 4-3 (Groundball, 4) Fernando Ortíz to third
|
Batting: LHB Bernardo Montés
|
0-0: Ball 1-0: Ball 2-0: Ball 3-0: Swinging Strike 3-1: Base on Balls
|
Batting: RHB Will Lott
|
0-0: Ball 1-0: Ball 2-0: Called Strike 2-1: Swinging Strike 2-2: Ball 3-2: Foul Ball, location: 2F 3-2: Strikes out swinging
|
Bottom of the 3rd over - 0 run(s), 0 hit(s), 0 error(s), 2 left on base; Mile High 0 - Albuquerque 1 |
TOP OF THE 4TH |
Mile High Broncos batting - Pitching for Albuquerque Isotopes : RHP Xavier Castañera
|
Batting: LHB José Rivas
|
0-0: DOUBLE (Line Drive, 8LXD)
|
Batting: RHB José Darias
|
0-0: Called Strike 0-1: Called Strike 0-2: SINGLE (Line Drive, 3L) José Rivas to third
|
Batting: LHB Mark Everett
|
0-0: Fielders Choice at 2nd, 4-6 (Groundball, 34D) José Rivas scores
|
Batting: RHB David Moran
|
0-0: 2-RUN HOME RUN (Flyball, 89XD), Distance : 411 ft
|
Batting: RHB Rodney González
|
0-0: Ball 1-0: SINGLE (Groundball, 56D)
|
Batting: SHB Tom Stevens
|
0-0: Ball 1-0: Called Strike 1-1: Foul Ball, location: 2F 1-2: Foul Ball, location: 2F 1-2: Strikes out looking
|
Batting: RHB John Brown
|
0-0: Called Strike 0-1: Ball 1-1: Foul Ball, location: 2F 1-2: Ball 2-2: Strikes out swinging
|
Top of the 4th over - 3 run(s), 4 hit(s), 0 error(s), 1 left on base; Mile High 3 - Albuquerque 1 |
BOTTOM OF THE 4TH |
Albuquerque Isotopes batting - Pitching for Mile High Broncos : RHP Denny Green
|
Batting: LHB José González
|
0-0: Called Strike 0-1: SINGLE (Groundball, 3D)
|
Batting: SHB Clint Woods
|
0-0: Called Strike 0-1: Ball 1-1: Fly out, F7 (Line Drive, 78M)
|
Batting: LHB Héctor Soto
|
0-0: Called Strike 0-1: Ball 1-1: Called Strike 1-2: Ball 2-2: Foul Ball, location: 2F 2-2: Foul Ball, location: 2F 2-2: Fly out, F8 (Flyball, 8LS)
|
Batting: RHB Sam Wallace
|
0-0: Called Strike 0-1: Ball 1-1: Ball 2-1: Foul Ball, location: 2F 2-2: Ground out 5-3 (Groundball, 56)
|
Bottom of the 4th over - 0 run(s), 1 hit(s), 0 error(s), 1 left on base; Mile High 3 - Albuquerque 1 |
TOP OF THE 5TH |
Mile High Broncos batting - Pitching for Albuquerque Isotopes : RHP Xavier Castañera
|
Batting: LHB Ernesto López
|
0-0: Called Strike 0-1: Ball 1-1: Foul Ball, location: 2F 1-2: SINGLE (Line Drive, 4)
|
Batting: RHB Evan Robinson
|
0-0: Called Strike 0-1: Ball 1-1: Foul Ball, location: 2F 1-2: Strikes out swinging
|
Batting: LHB José Rivas
|
0-0: Ball 1-0: Called Strike 1-1: Ball 2-1: Foul Ball, location: 2F 2-2: Ball Ernesto López is caught stealing 2nd base 3-2: Fly out, F2 (Popup, 15S)
|
Top of the 5th over - 0 run(s), 1 hit(s), 0 error(s), 0 left on base; Mile High 3 - Albuquerque 1 |
BOTTOM OF THE 5TH |
Albuquerque Isotopes batting - Pitching for Mile High Broncos : RHP Denny Green
|
Batting: RHB Jesse McKnight
|
0-0: Ball 1-0: Swinging Strike 1-1: Ground out U3 (Groundball, 34)
|
Batting: LHB Fernando Ortíz
|
0-0: Ball 1-0: Ground out 1-3 (Groundball, 13S)
|
Batting: SHB Edward Bartlett
|
0-0: Foul Ball, location: 2F 0-1: Fly out, F8 (Flyball, 8LM)
|
Bottom of the 5th over - 0 run(s), 0 hit(s), 0 error(s), 0 left on base; Mile High 3 - Albuquerque 1 |
TOP OF THE 6TH |
Mile High Broncos batting - Pitching for Albuquerque Isotopes : RHP Xavier Castañera
|
Batting: RHB José Darias
|
0-0: Ball 1-0: Ground out 6-3 (Groundball, 6)
|
Batting: LHB Mark Everett
|
0-0: Called Strike 0-1: Ball 1-1: Foul Ball, location: 2F 1-2: Foul Ball, location: 2F 1-2: Ball 2-2: Ball 3-2: Fly out, F8 (Flyball, 8RM)
|
Batting: RHB David Moran
|
0-0: Ground out 4-3 (Groundball, 4MS)
|
Top of the 6th over - 0 run(s), 0 hit(s), 0 error(s), 0 left on base; Mile High 3 - Albuquerque 1 |
BOTTOM OF THE 6TH |
Albuquerque Isotopes batting - Pitching for Mile High Broncos : RHP Denny Green
|
Batting: LHB Bernardo Montés
|
0-0: Ball 1-0: Ball 2-0: SINGLE (Line Drive, 9LS)
|
Batting: RHB Will Lott
|
0-0: Ball 1-0: Ball 2-0: Called Strike 2-1: Swinging Strike 2-2: Ball Wild Pitch! Bernardo Montés to second 3-2: Fly out, F7 (Flyball, 78M)
|
Batting: LHB José González
|
0-0: Ball 1-0: Ball 2-0: Ball 3-0: Base on Balls
|
Batting: SHB Clint Woods
|
0-0: Fly out, F7 (Flyball, 7)
|
Batting: LHB Héctor Soto
|
0-0: Ball 1-0: Fly out, F3 (Popup, 3L)
|
Bottom of the 6th over - 0 run(s), 1 hit(s), 0 error(s), 2 left on base; Mile High 3 - Albuquerque 1 |
TOP OF THE 7TH |
Mile High Broncos batting - Pitching for Albuquerque Isotopes : RHP Xavier Castañera
|
Pitching: RHP Shiki Kanno
|
|
Batting: RHB Rodney González
|
0-0: Called Strike 0-1: Called Strike 0-2: Foul Ball, location: 2F 0-2: DOUBLE (Flyball, 89XD)
|
Batting: SHB Tom Stevens
|
0-0: Foul Ball, location: 2F 0-1: DOUBLE (Line Drive, 7LD) Rodney González scores
|
Batting: RHB John Brown
|
0-0: Bunted foul 0-1: Sac Bunt - play at third, runner OUT! 2-6
|
Batting: LHB Ernesto López
|
0-0: Ball 1-0: Called Strike 1-1: Ball 2-1: SINGLE (Groundball, 34D) John Brown to second Runner from 2nd tries for 3rd, SAFE, throw made to third
|
Batting: RHB Evan Robinson
|
0-0: Ball 1-0: Ball 2-0: Ground out 5-3 (Groundball, 56) Ernesto López to second
|
Pitching: LHP Sean Perry
|
|
Batting: LHB José Rivas
|
0-0: Ball 1-0: Called Strike 1-1: Swinging Strike 1-2: Ball 2-2: Strikes out looking
|
Top of the 7th over - 1 run(s), 3 hit(s), 0 error(s), 2 left on base; Mile High 4 - Albuquerque 1 |
BOTTOM OF THE 7TH |
Albuquerque Isotopes batting - Pitching for Mile High Broncos : RHP Denny Green
|
Batting: RHB Sam Wallace
|
0-0: Swinging Strike 0-1: Fly out, F3 (Popup, 3L)
|
Batting: RHB Jesse McKnight
|
0-0: Ground out 4-3 (Groundball, 4)
|
Batting: LHB Fernando Ortíz
|
0-0: Ball 1-0: Ball 2-0: Called Strike 2-1: Ball 3-1: Base on Balls
|
Batting: SHB Edward Bartlett
|
0-0: Ball 1-0: Called Strike 1-1: Ball 2-1: Ground out 1-3 (Groundball, 15S)
|
Bottom of the 7th over - 0 run(s), 0 hit(s), 0 error(s), 1 left on base; Mile High 4 - Albuquerque 1 |
TOP OF THE 8TH |
Mile High Broncos batting - Pitching for Albuquerque Isotopes : LHP Sean Perry
|
Batting: RHB José Darias
|
0-0: Called Strike 0-1: SINGLE (Flyball, 89S)
|
Pitching: RHP Howard Joyce
|
|
Batting: LHB Mark Everett
|
0-0: Ball 1-0: Ball 2-0: Ball 3-0: Foul Ball, location: 2F 3-1: Called Strike 3-2: Base on Balls José Darias to second
|
Batting: RHB David Moran
|
0-0: Sac Bunt - play at first, batter OUT! 3-4 José Darias to third Mark Everett to second
|
Batting: RHB Rodney González
|
0-0: Ground out 1-3 (Groundball, P)
|
Batting: SHB Tom Stevens
|
0-0: Foul Ball, location: 2F 0-1: Swinging Strike 0-2: Ball 1-2: Strikes out swinging
|
Top of the 8th over - 0 run(s), 1 hit(s), 0 error(s), 2 left on base; Mile High 4 - Albuquerque 1 |
BOTTOM OF THE 8TH |
Albuquerque Isotopes batting - Pitching for Mile High Broncos : RHP Denny Green
|
Batting: LHB Bernardo Montés
|
0-0: Ball 1-0: Called Strike 1-1: Ball 2-1: Foul Ball, location: 2F 2-2: Fly out, F7 (Flyball, 7D)
|
Pitching: RHP Archie Summers
|
|
Batting: RHB Will Lott
|
0-0: Swinging Strike 0-1: Ball 1-1: Swinging Strike 1-2: Ball 2-2: SOLO HOME RUN (Flyball, 7LD), Distance : 364 ft
|
Batting: LHB José González
|
0-0: Ball 1-0: Foul Ball, location: 2F 1-1: Foul Ball, location: 2F 1-2: Foul Ball, location: 2F 1-2: Fly out, F8 (Flyball, 8RD)
|
Batting: SHB Clint Woods
|
0-0: Foul Ball, location: 2F 0-1: Ball 1-1: Fly out, F3 (Popup, 3S)
|
Bottom of the 8th over - 1 run(s), 1 hit(s), 0 error(s), 0 left on base; Mile High 4 - Albuquerque 2 |
TOP OF THE 9TH |
Mile High Broncos batting - Pitching for Albuquerque Isotopes : RHP Howard Joyce
|
Pitching: LHP Austin Wall
|
|
Batting: RHB John Brown
|
0-0: Ball 1-0: Called Strike 1-1: Ball 2-1: Foul Ball, location: 2F 2-2: Foul Ball, location: 2F 2-2: Fly out, F8 (Flyball, 89M)
|
Batting: LHB Ernesto López
|
0-0: Foul Ball, location: 2F 0-1: Foul Ball, location: 2F 0-2: Strikes out looking
|
Batting: RHB Evan Robinson
|
0-0: SINGLE (Groundball, 56D)
|
Batting: LHB José Rivas
|
0-0: Ball 1-0: Ball 2-0: Ball 3-0: Called Strike 3-1: Base on Balls Evan Robinson to second
|
Pinch Hitting: RHB Su-kweon Yu
|
0-0: Foul Ball, location: 2F 0-1: Ball 1-1: Swinging Strike 1-2: Foul Ball, location: 2F 1-2: Ball 2-2: Strikes out looking
|
Top of the 9th over - 0 run(s), 1 hit(s), 0 error(s), 2 left on base; Mile High 4 - Albuquerque 2 |
BOTTOM OF THE 9TH |
Albuquerque Isotopes batting - Pitching for Mile High Broncos : RHP Archie Summers
|
Pitching: RHP David Bailey
|
|
Now in CF: Pedro Martínez
|
|
Batting: LHB Héctor Soto
|
0-0: Ball 1-0: Called Strike 1-1: Ball 2-1: Swinging Strike 2-2: Ground out 1-3 (Groundball, 13S)
|
Batting: RHB Sam Wallace
|
0-0: SINGLE (Line Drive, 34D)
|
Pinch Hitting: LHB Juan Carlos Sánchez
|
0-0: Called Strike 0-1: Ball 1-1: 2-RUN HOME RUN (Flyball, 9D), Distance : 384 ft
|
Pitching: LHP Jorge García
|
|
Pinch Hitting: RHB Juan Vareas
|
0-0: Ball 1-0: Ground out U3 (Groundball, 34)
|
Batting: SHB Edward Bartlett
|
0-0: Ball 1-0: Fly out, F9 (Flyball, 9D)
|
Bottom of the 9th over - 2 run(s), 2 hit(s), 0 error(s), 0 left on base; Mile High 4 - Albuquerque 4 |
TOP OF THE 10TH |
Mile High Broncos batting - Pitching for Albuquerque Isotopes : LHP Austin Wall
|
Now at 2B: Pedro Cruz
|
|
Now in RF: Juan Vareas
|
|
Batting: LHB Mark Everett
|
0-0: Ball 1-0: Ball 2-0: Foul Ball, location: 2F 2-1: Called Strike 2-2: Ball 3-2: Strikes out swinging
|
Batting: RHB David Moran
|
0-0: Ground out 4-3 (Groundball, 4M)
|
Batting: RHB Rodney González
|
0-0: Ball 1-0: Called Strike 1-1: Ball 2-1: Foul Ball, location: 2F 2-2: Strikes out swinging
|
Top of the 10th over - 0 run(s), 0 hit(s), 0 error(s), 0 left on base; Mile High 4 - Albuquerque 4 |
BOTTOM OF THE 10TH |
Albuquerque Isotopes batting - Pitching for Mile High Broncos : LHP Jorge García
|
Batting: LHB Bernardo Montés
|
0-0: Ball 1-0: Foul Ball, location: 2F 1-1: Ground out 1-3 (Groundball, 13S)
|
Batting: RHB Will Lott
|
0-0: Ball 1-0: Ball 2-0: Foul Ball, location: 2F 2-1: Swinging Strike 2-2: Ball 3-2: Base on Balls
|
Batting: LHB José González
|
0-0: Ball 1-0: Ball 2-0: Foul Ball, location: 2F 2-1: Called Strike 2-2: Fly out, F9 (Flyball, 89D)
|
Batting: SHB Clint Woods
|
0-0: Fly out, F7 (Line Drive, 7LD)
|
Bottom of the 10th over - 0 run(s), 0 hit(s), 0 error(s), 1 left on base; Mile High 4 - Albuquerque 4 |
TOP OF THE 11TH |
Mile High Broncos batting - Pitching for Albuquerque Isotopes : LHP Austin Wall
|
Pitching: RHP Mike Frank
|
|
Batting: SHB Tom Stevens
|
0-0: Ball 1-0: Called Strike 1-1: Ball 2-1: SINGLE (Line Drive, 7LS)
|
Pinch Hitting: LHB Tony Báez
|
0-0: Sac Bunt - play at first, batter OUT! 1-4 Tom Stevens to second
|
Batting: LHB Ernesto López
|
0-0: Intentional Walk
|
Batting: RHB Evan Robinson
|
0-0: Ball 1-0: SINGLE (Line Drive, 56D) Tom Stevens to third Ernesto López to second
|
Batting: LHB José Rivas
|
0-0: Called Strike 0-1: Called Strike 0-2: Hit by Pitch Tom Stevens scores Ernesto López to third Evan Robinson to second
|
Pinch Hitting: RHB Edward Williams
|
0-0: Ball 1-0: Ball 2-0: DOUBLE (Line Drive, 78XD) Ernesto López scores Evan Robinson scores José Rivas to third
|
Batting: LHB Mark Everett
|
0-0: Intentional Walk
|
Pitching: RHP Germán Hernández
|
|
Batting: RHB David Moran
|
0-0: Grounds into fielders choice 6-2 (Groundball, 6) Edward Williams to third Mark Everett to second
|
Batting: RHB Rodney González
|
0-0: Ball 1-0: Ball 2-0: Foul Ball, location: 2F 2-1: Swinging Strike 2-2: Foul Ball, location: 2F 2-2: Ball 3-2: Base on Balls Edward Williams scores Mark Everett to third David Moran to second
|
Batting: SHB Tom Stevens
|
0-0: Ball 1-0: Foul Ball, location: 2F 1-1: Called Strike 1-2: DOUBLE (Line Drive, 89M) Mark Everett scores David Moran scores Rodney González to third
|
Batting: LHB Tony Báez
|
0-0: Ball Passed Ball! Rodney González scores Tom Stevens to third 1-0: Foul Ball, location: 2F 1-1: Ball 2-1: Ball Balk! Tom Stevens scores 3-1: Foul Ball, location: 2F 3-2: Ground out 4-3 (Groundball, 4)
|
Top of the 11th over - 8 run(s), 4 hit(s), 0 error(s), 0 left on base; Mile High 12 - Albuquerque 4 |
BOTTOM OF THE 11TH |
Albuquerque Isotopes batting - Pitching for Mile High Broncos : LHP Jorge García
|
Now at 2B: Keith Shaffer
|
|
Now at 3B: Bo Vickers
|
|
Now at SS: Paco Martínez
|
|
Batting: LHB Héctor Soto
|
0-0: Swinging Strike 0-1: Fly out, F7 (Flyball, 7S)
|
Batting: RHB Sam Wallace
|
0-0: SINGLE (Line Drive, 34D)
|
Pitching: RHP Brandon Mitchell
|
|
Batting: LHB Pedro Cruz
|
0-0: Fly out, F3 (Line Drive, 3S)
|
Batting: RHB Juan Vareas
|
0-0: Called Strike 0-1: Ball 1-1: Foul Ball, location: 2F 1-2: Foul Ball, location: 2F 1-2: Foul Ball, location: 2F 1-2: Fielders Choice at 2nd, 6-4 (Groundball, 6)
|
Bottom of the 11th over - 0 run(s), 1 hit(s), 0 error(s), 0 left on base; Mile High 12 - Albuquerque 4 |
|